 Dungeon Crawl Stone Soup version 0.28.0-1-gb440e238dd (webtiles) character file.

Game seed: 6240164951093685362

107 avis the Skirmisher (level 4, -4/42 HPs)
             Began as a Hill Orc Monk on Feb 21, 2022.
             Was a Believer of Beogh.
             Killed by divine providence
             ... invoked by an orc priest
              (7 damage)
             ... on level 3 of the Dungeon.
             The game lasted 00:10:48 (2904 turns).

avis the Skirmisher (Hill Orc Monk)                 Turns: 2904, Time: 00:10:48

Health: -4/42      AC:  6    Str: 15    XL:     4   Next: 86%
Magic:  4/4        EV: 11    Int: 10    God:    Beogh [**....]
Gold:   159        SH:  0    Dex: 19    Spells: 3/3 levels left

rFire   . . .      SeeInvis .   a - +0 whip (flame)
rCold   . . .      Faith    .   (no shield)
rNeg    . . .      Spirit   .   p - +0 ring mail
rPois   .          Reflect  .   k - +0 helmet
rElec   .          Harm     .   (no cloak)
rCorr   .          Rampage  .   (no gloves)
Will    .....                   (no boots)
Stlth   ++........              (no amulet)
HPRegen 0.14/turn               i - +6 ring of dexterity
MPRegen 0.09/turn               (no ring)

@: no status effects
A: no striking features
a: Renounce Religion, Smiting


You were on level 3 of the Dungeon.
You worshipped Beogh.
Beogh was pleased with you.
You visited 1 branch of the dungeon, and saw 3 of its levels.

You collected 159 gold pieces.

Inventory:

Hand Weapons
 a - a +0 whip of flaming (weapon)
 b - a +0 hunting sling
 h - a +0 hand axe
 w - a +0 longbow
Missiles
 c - 157 stones (quivered)
 e - 68 bolts
 g - 27 arrows
 o - 5 poisoned darts
 v - 37 sling bullets
Armour
 k - a +0 helmet (worn)
 p - a +0 ring mail (worn)
Jewellery
 i - a +6 ring of dexterity (left hand)
Wands
 x - a wand of flame (3)
Scrolls
 f - a scroll of enchant weapon {unknown}
 m - a scroll of blinking {unknown}
 n - 2 scrolls of summoning {unknown}
 q - a scroll of enchant armour {unknown}
 r - a scroll of teleportation {unknown}
 s - a scroll of vulnerability {unknown}
 t - a scroll of fog {unknown}
 u - 2 scrolls of identify {unknown}
Potions
 d - a potion of curing {unknown}
 j - a potion of mutation {unknown}
 l - a potion of brilliance {unknown}


   Skills:
 - Level 5.0 Fighting
 - Level 4.2(4.9) Axes
 * Level 2.8(3.7) Maces & Flails
 - Level 2.5 Dodging
 - Level 1.8 Stealth


You had 3 spell levels left.
You didn't know any spells.
Your spell library was empty.

Dungeon Overview and Level Annotations

Branches:
Dungeon (3/15)

Altars:


Message History

The arrow hits the orc priest!
The orc priest shouts, "Beogh is our master!
Accept the truth or die!"
The orc priest is severely wounded.
The orc barely misses you. x2; The orc hits you but does no damage.
Your +0 whip of flaming bursts into flame!
a - a +0 whip of flaming (weapon)
The orc hits you but does no damage. The orc closely misses you.
You hit the orc. You burn the orc.
You kill the orc!
The orc hits you but does no damage.
There is an open door here.
You hit the orc but do no damage. The orc barely misses you.
The orc hits you from afar with a +0 trident.
You hit the orc. You burn the orc.
You kill the orc!
The orc priest shouts, "Join the one true god or die!"
The orc priest calls upon Beogh to heal the orc.
The orc's wounds heal themselves!
The orc priest shouts, "Surrender to Beogh and we'll let you live!"
The orc priest invokes the aid of Beogh against you.
You barely resist.
You bow before the missionary of Beogh.
Beogh welcomes you!
You can now smite your foes.
The priest welcomes you and lets you live.
You hit the orc priest but do no damage.
The orc priest is severely wounded.
The orc priest hits the orc priest with a +0 whip.
The orc priest miscasts a cantrip.
You closely miss the orc priest.
The orc priest is severely wounded.
The orc hits you from afar with a +0 trident!
The orc priest calls down the wrath of Beogh upon you.
Beogh smites you!
* * * LOW HITPOINT WARNING * * *
The orc priest hits the orc priest but does no damage.
The orc priest invokes the aid of Beogh against you.
Beogh smites you!
You die...
Beogh appreciates the orc priest's killing of a heretic priest. ##.####............. .#..# ........(.. .#..# ......... .#..# ....(.. .#..# ..... ....# .oo

##..# #)# ....#
####'##### ....#
#..)ooo@.# ....#
#........# ....#
#........# ....#
#........# ....#
#........# ....#
##.....### .#..#
#......#
.#..######......###
.#.................


You could see an orc priest, an orc and a neutral orc priest (wandering).

Vanquished Creatures
  3 adders
  A white imp (D:3)
  4 dart slugs
  2 orcs (D:3)
  3 endoplasms
  4 giant cockroaches
  9 goblins
  6 hobgoblins
  4 jackals (D:1)
  A quokka (D:3)
  3 ball pythons
  7 bats
  9 kobolds
  5 rats
61 creatures vanquished.

Notes
Turn   | Place    | Note
-------+----------+-------------------------------------------
     0 | D:1      | avis the Hill Orc Monk began the quest for the Orb.
     0 | D:1      | Reached XP level 1. HP: 19/19 MP: 1/1
   158 | D:1      | Found a faded altar of an unknown god.
   218 | D:1      | Reached XP level 2. HP: 27/27 MP: 2/2
   475 | D:1      | Reached skill level 4 in Fighting
   882 | D:1      | Reached XP level 3. HP: 34/34 MP: 3/3
  1413 | D:2      | Reached skill level 5 in Fighting
  1479 | D:2      | Reached skill level 1 in Maces & Flails
  1677 | D:2      | Reached XP level 4. HP: 41/42 MP: 4/4
  2900 | D:3      | Became a worshipper of Beogh the Brigand
  2900 | D:3      | Reached * piety under Beogh
  2900 | D:3      | Reached ** piety under Beogh
  2903 | D:3      | HP: 2/42 [orc priest/divine providence (16)]
  2904 | D:3      | Killed from afar by an orc priest

Illustrated notes

Levels and vault maps discovered:
D:1:      dpeg_arrival_tiny_a, layout_basic,
          ebering_ecumenical_altar_sacrificial, dk_noncrumbling_3
D:2:      layout_loops_ring
D:3:      layout_basic, ebering_ghost_inner_flame

Skill      XL: |  1  2  3  4 |
---------------+-------------+-----
Fighting       | 4 5 |  5.0
Maces & Flails | 1 2 |  2.8
Axes           | |  4.2
Dodging        | |  2.5
Stealth        | |  1.8

Action                   |  1- 3 |  4- 6 || total
-------------------------+-------+-------++-------
Melee: Hand axe          |    24 |       ||    24
       Whip              |   102 |    88 ||   190
       Punch             |       |     1 ||     1
 Fire: Longbow           |       |     7 ||     7
Invok: Convert to Beogh  |       |     1 ||     1
 Stab: Sleeping          |     5 |     2 ||     7
Armor: Robe              |    12 |       ||    12
       Ring mail         |    22 |    37 ||    59
Dodge: Dodged            |    78 |    52 ||   130
